 Dungeon Crawl Stone Soup version 0.27.1-33-g824d729ab1 (webtiles) character file.

Game seed: 9051364740831210495

16 zeram the Sneak (level 2, 0/22 HPs)
             Began as a Demonspawn Brigand on Nov 25, 2021.
             Slain by a hobgoblin (2 damage)
             ... on level 1 of the Dungeon.
             The game lasted 00:01:29 (635 turns).

zeram the Sneak (Demonspawn Brigand)                 Turns: 635, Time: 00:01:29

Health: 0/22       AC:  2    Str: 11    XL:     2   Next: 41%
Magic:  2/2        EV: 11    Int: 12    God:
Gold:   0          SH:  0    Dex: 14    Spells: 1/1 levels left

rFire    + . .     SeeInvis .   a - +2 dagger
rCold    + . .     Faith    .   (no shield)
rNeg     . . .     Spirit   .   b - +0 robe
rPois    .         Reflect  .   (no helmet)
rElec    .         Harm     .   f - scarf {rC+ rF+}
rCorr    .         Rampage  .   (no gloves)
Will     .....                  (no boots)
Stlth    +++.......             (no amulet)
HPRegen  0.07/turn              (no ring)
MPRegen  0.08/turn              (no ring)

@: no status effects
A: claws 1
a: no special abilities


You were on level 1 of the Dungeon.
You visited 1 branch of the dungeon, and saw 1 of its levels.

Inventory:

Hand Weapons
 a - a +2 dagger (weapon)
Missiles
 d - 8 poisoned darts (quivered)
 e - 2 curare-tipped darts
Armour
 b - a +0 robe (worn)
 c - a +0 cloak
 f - a scarf of resistance (worn)


   Skills:
 - Level 2.0 Fighting
 - Level 1.7 Short Blades
 - Level 1.7 Throwing
 - Level 0.8 Dodging
 + Level 4.3 Stealth


You had one spell level left.
You didn't know any spells.
Your spell library contained the following spells:

 Spells                   Type           Power      Damage    Failure   Level
 Corpse Rot               Necr/Air       N/A        N/A       45%         2
 Dispel Undead            Necr           0%         3d6       97%         4
 Death Channel            Necr           0%         N/A       100%        6


Dungeon Overview and Level Annotations

Branches:
Dungeon (1/15)

Altars:


Innate Abilities, Weirdness & Mutations

You have sharp fingernails.


Message History

You kill the endoplasm!
No target in view!
A frilled lizard comes into view.
A frilled lizard is nearby!
A frilled lizard is nearby!
A frilled lizard is nearby!
A hobgoblin comes into view.
The frilled lizard hisses angrily.
Found a pair of boots.
Found a runed dagger.
The hobgoblin misses you.
You barely miss the hobgoblin. The hobgoblin hits you.
You closely miss the hobgoblin. The hobgoblin hits you.
The frilled lizard bites you.
You hit the hobgoblin but do no damage. The hobgoblin closely misses you.
The frilled lizard bites you.
You hit the hobgoblin.
The hobgoblin is heavily wounded.
The hobgoblin hits you.
The frilled lizard bites you but does no damage.
You hit the hobgoblin but do no damage.
The hobgoblin is heavily wounded.
The hobgoblin drinks a potion.
The hobgoblin is healed!
You barely miss the hobgoblin. The frilled lizard bites you.
You are too injured to fight recklessly!
You are too injured to fight recklessly!
You are too injured to fight recklessly!
You are too injured to fight recklessly!
The frilled lizard closely misses you.
Unknown command.
The hobgoblin hits you.
* * * LOW HITPOINT WARNING * * *
You aren't carrying any potions.
You aren't carrying any scrolls.
You hit the hobgoblin but do no damage. The hobgoblin barely misses you.
You barely miss the hobgoblin. You barely miss the hobgoblin.
The hobgoblin hits you.
* * * LOW HITPOINT WARNING * * *
You barely miss the hobgoblin. The hobgoblin hits you.
You die...

♣...♣♣P.P♣#†##
♣♣..♣P.♣♣##...
♣PP..P.♣#####
###♣♣...PPP♣
#######...♣♣.PP..♣ ♣#
.......†....♣P♣.P..♣♣.
#######.####♣♣♣♣P...♣.
##...######.## ♣...♣.
#........@gl.# ♣♣♣#
....######..# #
#.#######..#
#.#........l.#
...........#...#
###......♣♣♣♣♣♣
#.....#♣...P.
#........PP
#......♣♣♣♣


You could see a hobgoblin and a frilled lizard.

Vanquished Creatures
  A dart slug (D:1)
  2 bats (D:1)
  2 endoplasms (D:1)
  2 hobgoblins (D:1)
  4 jackals (D:1)
  A frilled lizard (D:1)
12 creatures vanquished.

Notes
Turn   | Place    | Note
-------+----------+-------------------------------------------
     0 | D:1      | zeram the Demonspawn Brigand began the quest for the Orb.
     0 | D:1      | Reached XP level 1. HP: 16/16 MP: 1/1
    26 | D:1      | Reached skill level 4 in Stealth
    36 | D:1      | Gained mutation: You have sharp fingernails. [demonic
                  | ancestry]
    36 | D:1      | Reached XP level 2. HP: 3/22 MP: 2/2
   635 | D:1      | Slain by a hobgoblin

Illustrated notes

Levels and vault maps discovered:
D:1:      dpeg_arrival_arbitrary_c, layout_loops_ring, serial_forest,
          infiniplex_forest_corner_1, infiniplex_forest_clump_large,
          infiniplex_forest_lined_2, infiniplex_forest_straight_5,
          infiniplex_forest_split, infiniplex_forest_zigzag_1,
          infiniplex_forest_end_1

Skill      XL: |  1 |
---------------+----+-----
Stealth        | 4 |  4.3
Fighting       | |  2.0
Short Blades   | |  1.7
Throwing       | |  1.7
Dodging        | |  0.8

Action                   || total
-------------------------++-------
Melee: Dagger            ||    62
 Stab: Sleeping          ||     3
Armor: Robe              ||    12
Dodge: Dodged            ||    35
